AoeStats
← 小白

African Clearing

504958940Analyzed
4v4 RM · 26d ago on Sep 7, 2026· 32m 58s· 8 players
Game mode
Random Map
Map size
Large (8 player)
Population
200
Speed
Normal
Resources
Standard
Victory
Conquest
Starting age
Dark Age
Ending age
Imperial Age
RankedLock teamsTeams togetherTeam positionsShared explorationLock speedFull tech treeHidden civsTurbo modeCheats
Victory
Defeat
🇹🇼 Cumans · Taiwan
1905
+6
🇹🇼 Mapuche · Taiwan
1817
+9
🇹🇼 Vietnamese · Taiwan
1763
+10
🇹🇼 Huns · Taiwan
1609
+16
🇨🇳 Mongols · China
1772
-15
🇫🇷 Dravidians · France
1625
-10
🇨🇳 Magyars · China
1586
-8
🇫🇷 Celts · France
1574
-8
爱人跟人走
12:28 Feudal Age
16:34 Castle Age
15:20 Double-Bit Axe
16:12 Gold Mining
17:05 Loom
17:53 Bow Saw
19:53 Fletching
20:31 Bodkin Arrow
23:13 Ballistics
22:48 Town Watch
25:29 Horse Collar
Roronoa Yolo
3:15 Loom
12:45 Feudal Age
12:48 Man-at-Arms
13:15 Arson
17:28 Double-Bit Axe
25:02 Castle Age
24:09 Fletching
24:19 Padded Archer Armor
32:10 Horse Collar
B.
13:46 Feudal Age
12:08 Loom
17:17 Castle Age
15:29 Double-Bit Axe
16:16 Horse Collar
17:33 Pikeman
18:22 Scale Mail Armor
20:59 Wheelbarrow
29:41 Bow Saw
31:43 Forging
小白
5:41 Loom
13:23 Feudal Age
13:57 Double-Bit Axe
17:09 Scale Barding Armor
21:23 Wheelbarrow
20:48 Horse Collar
26:02 Castle Age
24:04 Gold Mining
24:10 Stone Mining
24:57 Bloodlines
27:07 Chain Barding Armor
26:51 Husbandry
27:05 Bow Saw
26:56 Heavy Plow
小蜜蜂
14:27 Feudal Age
12:45 Loom
14:31 Feudal Age
15:47 Double-Bit Axe
18:27 Castle Age
17:38 Fletching
17:51 Town Watch
19:23 Bow Saw
19:09 Bodkin Arrow
25:14 Ballistics
26:21 Horse Collar
28:20 Padded Archer Armor
29:33 Town Watch
30:27 Leather Archer Armor
32:34 Wheelbarrow
Sumi
7:41 Loom
11:59 Feudal Age
13:26 Double-Bit Axe
29:25 Castle Age
27:45 Horse Collar
30:31 Thumb Ring
31:54 Elite Skirmisher
33:09 Fletching
33:19 Padded Archer Armor
小白
11:27 Feudal Age
11:57 Double-Bit Axe
14:58 Horse Collar
17:33 Loom
18:24 Wheelbarrow
24:20 Castle Age
22:19 Gold Mining
22:37 Padded Archer Armor
22:58 Stone Mining
23:30 Fletching
24:57 Bodkin Arrow
24:38 Elite Skirmisher
25:34 Bow Saw
25:26 Heavy Plow
26:27 Hand Cart
32:16 Imperial Age
30:39 Gold Shaft Mining
30:51 Bloodlines
30:57 Thumb Ring
31:23 Ballistics
34:19 Chemistry
ANKR.Tank20089
14:09 Feudal Age
18:04 Castle Age
15:56 Double-Bit Axe
16:09 Gold Mining
16:43 Stone Mining
18:43 Town Watch
19:34 Loom
28:46 Bow Saw
29:03 Horse Collar
33:47 Wheelbarrow
Connection lost

Rejoining the realm…

Still unreachable

The connection could not be restored.

Session expired

The server has moved on; the page needs a fresh start.